 Dungeon Crawl Stone Soup version 0.32-a0-900-g30fb1b0 (webtiles) character file.

Game seed: 2618476532708972079

18 Dorkslayer the Ducker (level 2, -2/21 HPs)
             Began as an Octopode Fighter on Apr 5, 2024.
             Slain by a gnoll
             ... wielding a +0 flail
              (10 damage)
             ... on level 2 of the Dungeon.
             The game lasted 00:01:15 (865 turns).

Dorkslayer the Ducker (Octopode Fighter)             Turns: 865, Time: 00:01:16

Health: -2/21      AC:  1    Str: 15    XL:     2   Next: 66%
Magic:  2/2        EV: 12    Int: 16    God:
Gold:   94         SH:  4    Dex: 11    Spells: 1/1 levels left

rFire   . . .        a - +0 war axe
rCold   . . .        b - +0 buckler
rNeg    . . .        (helmet restricted)
rPois   .            (no amulet)
rElec   .            e - +6 ring of intelligence
rCorr   .            (no ring)
SInv    .            (no ring)
Will    .....        (no ring)
Stlth   ++           (no ring)
HPRegen 0.23/turn    (no ring)
MPRegen 0.08/turn    (no ring)
                     (no ring)

%: no passive effects
@: no status effects
A: almost no armour, amphibious, 8 rings, camouflage 1, gelatinous body 1,
(nimble swimmer 1), tentacles
a: no special abilities


You were on level 2 of the Dungeon.
You visited 1 branch of the dungeon, and saw 2 of its levels.

You collected 94 gold pieces.

Inventory:

Hand Weapons
 a - a +0 war axe (weapon)
Armour
 b - a +0 buckler (worn)
Jewellery
 e - a +6 ring of intelligence (left tentacle)
Scrolls
 f - a scroll of noise {unknown}
 g - a scroll of fear {unknown}
 i - a scroll of acquirement {unknown}
Potions
 c - a potion of might
 d - 2 potions of magic {unknown}
 h - a potion of curing {unknown}
 j - a potion of cancellation {unknown}


   Skills:
 + Level 3.2 Fighting
 + Level 2.1 Axes
 + Level 3.3 Dodging
 + Level 0.6 Stealth
 + Level 3.1 Shields


You had one spell level left.
You didn't know any spells.
Your spell library was empty.

Dungeon Overview and Level Annotations

Branches:
Dungeon (2/15)

Altars:
Wu Jian


Innate Abilities, Weirdness & Mutations

You cannot wear most types of armour.
You are amphibious.
You can wear up to eight rings at the same time.
Your skin changes colour to match your surroundings (Stealth+).
Your rubbery body absorbs attacks. (AC +1, EV +1)
((You are camouflaged when in or above water. (Stealth+)))
You have tentacles for arms and can constrict up to eight enemies at once.


Message History

Found a scroll labelled NILACV JUHUIBI.
You now have 94 gold pieces (gained 2).
As you read the scroll labelled GEANKU HAURIR, it crumbles to dust.
You feel aware of your surroundings.
You sensed 1 altar.
It was a scroll of revelation.
f - a scroll labelled NILACV JUHUIBI
Found a stone staircase leading down.
A hobgoblin comes into view.
You are not religious.
The hobgoblin shouts!
The hobgoblin barely misses you.
You slash the hobgoblin!
You kill the hobgoblin!
Found an ornate altar of the Wu Jian Council.
There is an ornate altar of the Wu Jian Council here.
Found a short sword.
A ball python comes into view.
Found 12 gold pieces. 2 gnolls come into view.
Found a silvery potion.
The gnoll shouts!
You hear a shout! x2; The ball python hisses angrily.
You block the ball python's attack. The ball python closely misses you.
You closely miss the ball python.
The gnoll shouts!
Your grab misses the ball python. The ball python misses you.
You block the ball python's attack. The ball python misses you.
You block the ball python's attack.
You slash the ball python!
You kill the ball python!
A gnoll comes into view. It is wielding a +0 halberd.
A gnoll comes into view. It is wielding a +0 whip.
The gnoll misses you.
You slash the gnoll! Your grab misses the gnoll.
The gnoll is severely wounded.
The gnoll hits you with a +0 whip.
You closely miss the gnoll. You grab the gnoll.
The gnoll is severely wounded.
You hit the gnoll but do no damage. You constrict the gnoll.
The gnoll hits you with a +0 whip! The gnoll hits you with a +0 flail!
You die...

,,,,,,#........#
*,*****,******,
,,,**,####...######,*
*,**,,,,,
,*,**,####...#.g!..,*
*,**,***,
,,****#$.....g#,*****
*,**,* *, ,,*
####..g##*,** *,**,*
*, ,,* #..##
**,###****,**,* *,
,,* #.##
*#..,,,,,,,,,***,
,,*****###g.##
##g#******,,,,,,,,
,,,,,,.#....g###@#*
*********
,,,,○§........#g##
,,,,§..#......g##
,,**##*#.....### ,,*
#.....# ,,* #.#####
,,* #.* ,,*****#,*
,,,,,,,,,*


You could see 3 gnolls.

Vanquished Creatures
  4 ball pythons
  An endoplasm (D:1)
  A goblin (D:1)
  2 hobgoblins
  3 bats (D:1)
  A frilled lizard (D:1)
  3 kobolds (D:1)
  2 rats (D:1)
17 creatures vanquished.

Notes
Turn   | Place    | Note
-------+----------+-------------------------------------------
     0 | D:1      | Dorkslayer the Octopode Fighter began the quest for the
                  | Orb.
     0 | D:1      | Reached XP level 1. HP: 16/16 MP: 1/1
   135 | D:1      | Reached XP level 2. HP: 21/21 MP: 2/2
   839 | D:2      | Found an ornate altar of the Wu Jian Council.
   865 | D:2      | Slain by a gnoll

Illustrated notes

Levels and vault maps discovered:
D:1:      dpeg_arrival_pond, layout_basic, nrook_campfire
D:2:      kennysheep_the_goblin_king, layout_loops_ring, basic_altar,
          lemuel_flame_loot_1

Action                     || total
---------------------------++-------
  Melee: War axe           ||    24
         Constrict         ||     4
         Tentacles         ||     3
    Use: Scroll            ||     1
   Stab: Sleeping          ||     1
 Armour: Skin              ||    19
  Dodge: Dodged            ||    22
  Block: Buckler           ||     9

Table legend: (Time is in decaauts)
 A = Elapsed time spent in this place.
 B = Non-inter-level travel time spent in this place.
 C = Inter-level travel time spent in this place.
 D = Time resting spent in this place.
 E = Time spent auto-exploring this place.
 F = Levels seen in this place.
 G = Mean time per level.
                   A        B        C        D        E       F      G
               +--------+--------+--------+--------+--------+-----+--------+
         Total |    874 |    874 |      0 |      0 |    582 |   2 |  437.0 |
       Dungeon |    874 |    874 |      0 |      0 |    582 |   2 |  437.0 |
               +--------+--------+--------+--------+--------+-----+--------+

Top non-repeatable levels by time:
     D:1: 810 daAuts
     D:2: 64 daAuts
